 Dungeon Crawl Stone Soup version 0.24.0-29-g8ce449bc06 (webtiles) character file.

Game seed: 16740778009448234623, levelgen mode: deterministic

744 Flugslaktarn the Shield-Bearer (level 8, -4/62 HPs)
             Began as a Formicid Fighter on Nov 15, 2019.
             Slain by a centaur (7 damage)
             ... on level 6 of the Dungeon.
             The game lasted 00:02:25 (4300 turns).

Flugslaktarn the Shield-Bearer (Formicid Fighter)   Turns: 4300, Time: 00:02:25

Health: -4/62      AC:  9    Str: 24    XL:     8   Next: 5%
Magic:  8/8        EV:  8    Int:  7    God:
Gold:   151        SH: 10    Dex: 10    Spells: 7/7 levels left

rFire    . . .     SeeInvis +   a - +1 war axe
rCold    . . .     Gourm    .   c - +0 shield
rNeg     . . .     Faith    .   b - +0 scale mail
rPois    .         Spirit   .   (helmet unavailable)
rElec    .         Reflect  .   v - +1 cloak
rCorr    .         Harm     .   (no gloves)
MR       .....                  (no boots)
Stlth    ..........             (no amulet)
HPRegen  0.20/turn              (no ring)
MPRegen  0.11/turn              (no ring)

@: no status effects
A: permanent stasis, dig shafts and tunnels, four strong arms, antennae 3
a: Dig, Shaft Self


You were on level 6 of the Dungeon.
You were hungry.

You visited 1 branch of the dungeon, and saw 5 of its levels.

You collected 151 gold pieces.

Inventory:

Hand Weapons
 a - a +1 war axe (weapon)
Missiles
 o - 7 silver javelins (quivered)
Armour
 b - a +0 scale mail (worn)
 c - a +0 shield (worn)
 v - a +1 cloak (worn)
   (You took it off Crazy Yiuf on level 3 of the Dungeon)
Scrolls
 f - 2 scrolls of enchant weapon
 j - a scroll of fear
 p - a scroll of enchant armour
 q - 2 scrolls of fog
 r - a scroll of identify
 s - a scroll of immolation {unknown}
 w - a scroll of remove curse
Potions
 d - a potion of flight {unknown}
 g - a potion of magic
 i - a potion of curing {unknown}
 k - a potion of brilliance
 l - a potion of invisibility
 n - a potion of resistance
Comestibles
 e - 12 rations
 h - 2 chunks of flesh


   Skills:
 + Level 5.2 Fighting
 * Level 5.5 Axes
 + Level 5.2 Armour
 + Level 5.7 Shields


You had 7 spell levels left.
You didn't know any spells.
Your spell library was empty.

Dungeon Overview and Level Annotations

Branches:
Dungeon (4/15)
 Temple: D:4-7

Altars:
Ashenzari
Nemelex Xobeh

Annotations:
D:4 Menkaure


Innate Abilities, Weirdness & Mutations

You cannot be hasted, slowed, berserked, paralysed or teleported.
You can dig through walls and to a lower floor.
Your four strong arms can wield two-handed weapons with a shield.
You have a pair of large antennae on your head. (SInv)


Message History

The jelly quivers.
The centaur barely misses you. The centaur closely misses you.
You barely miss the centaur. The centaur hits you.
You completely miss the centaur. You block the centaur's attack.
The centaur hits you.
* * * LOW HITPOINT WARNING * * *
You closely miss the centaur. The centaur hits you.
* * * LOW HITPOINT WARNING * * *
The centaur hits you.
* * * LOW HITPOINT WARNING * * *
You barely miss the centaur.
The centaur hits you but does no damage.
You block the centaur's attack.
Unknown command.
You hit the centaur.
The centaur is lightly wounded.
You hit the jelly.
Your hands burn!
* * * LOW HITPOINT WARNING * * *
The centaur hits you!
You die...

## #.. .. #..
.# #.. .#
#..###.# #
#.. ...#.#
#.. #.c..###.
#..##@J......
#...(....#...
##.......#
#.####### #.
.. ##. #. ..


You could see a centaur and a jelly.

Vanquished Creatures
  Duvessa (D:4)
  A phantom (D:4)
  An ogre (D:4)
  Dowan (D:4)
  A hound (D:4)
  Crazy Yiuf (D:3)
  2 orc wizards (D:4)
  Natasha (thrice) (D:2)
  A worker ant (D:4)
  A hound skeleton (D:4)
  2 adders (D:3)
  7 gnolls
  A shadow imp (D:3)
  An adder skeleton (D:4)
  2 worms
  A leopard gecko (D:3)
  10 orcs
  7 goblins
  4 hobgoblins
  15 jackals
  2 quokkas (D:2)
  A ball python (D:3)
  3 bats
  4 frilled lizards
  6 kobolds
  8 rats
87 creatures vanquished.

Notes
Turn   | Place    | Note
-------+----------+-------------------------------------------
     0 | D:1      | Flugslaktarn the Formicid Fighter began the quest for the
                  | Orb.
     0 | D:1      | Reached XP level 1. HP: 18/18 MP: 1/1
   171 | D:2      | Reached XP level 2. HP: 14/24 MP: 2/2
   648 | D:1      | Reached XP level 3. HP: 25/29 MP: 3/3
   904 | D:2      | Noticed Natasha
   917 | D:2      | Killed Natasha
   917 | D:2      | Reached XP level 4. HP: 17/37 MP: 4/4
  1043 | D:2      | Noticed Natasha
  1056 | D:2      | Killed Natasha
  1312 | D:2      | Noticed Natasha
  1324 | D:2      | Killed Natasha
  1324 | D:2      | Reached XP level 5. HP: 26/42 MP: 5/5
  2433 | D:3      | Found a sparkling altar of Nemelex Xobeh.
  2605 | D:3      | Found a runed translucent door.
  2606 | D:3      | Noticed Crazy Yiuf
  2696 | D:3      | Killed Crazy Yiuf
  2696 | D:3      | Reached XP level 6. HP: 7/48 MP: 6/6
  3138 | D:4      | Noticed an ogre
  3145 | D:4      | Killed an ogre
  3217 | D:4      | Noticed a phantom
  3348 | D:4      | Reached skill level 5 in Shields
  3366 | D:4      | Killed a phantom
  3366 | D:4      | Reached XP level 7. HP: 28/55 MP: 7/7
  3595 | D:4      | Found a shattered altar of Ashenzari.
  3667 | D:4      | Reached skill level 5 in Axes
  3674 | D:4      | Reached skill level 5 in Fighting
  3674 | D:4      | Reached skill level 5 in Armour
  4133 | D:4      | Noticed Duvessa
  4133 | D:4      | Noticed Dowan
  4150 | D:4      | Killed Duvessa
  4152 | D:4      | Killed Dowan
  4152 | D:4      | Reached XP level 8. HP: 53/62 MP: 8/8
  4281 | D:4      | Noticed Menkaure
  4290 | D:4      | You fall into a shaft and drop 2 floors!
  4300 | D:6      | HP: 2/62 [acid (2)]
  4300 | D:6      | Slain by a centaur

Levels and vault maps discovered:
D:1:      lemuel_arrival_funnel, layout_loops_ring
D:2:      layout_loops_cross, uniq_natasha
D:3:      layout_rooms, lemuel_crystal_altar, minmay_box_of_dots,
          uniq_crazy_yiuf_cottage
D:4:      layout_cave_pools, nicolae_overflow_hidden_temple,
          minmay_temple_entry_gardened_gates, first_ration, ashenzari_altar_1,
          uniq_menkaure, uniq_duvessa
D:6:      layout_loops_corners, elyvilon_altar_5

Skill      XL: |  1  2  3  4  5  6  7 |
---------------+----------------------+-----
Shields        | 4 5 |  5.7
Axes           | 3 4 5 |  5.5
Armour         | 4 5 |  5.2
Fighting       | 4 5 |  5.2

Action                   |  1- 3 |  4- 6 |  7- 9 || total
-------------------------+-------+-------+-------++-------
Melee: War axe           |    72 |   193 |    49 ||   314
 Abil: Shaft Self        |       |       |     1 ||     1
  Use: Scroll            |       |       |    13 ||    13
       Potion            |       |       |     2 ||     2
  Eat: Chunk             |       |     7 |     4 ||    11
Armor: Scale mail        |    33 |    63 |    36 ||   132
Dodge: Dodged            |    23 |    76 |    30 ||   129
Block: Shield            |    33 |   108 |    28 ||   169
